[Event "Early-Titled-Tuesday-Blitz-September-05-2023"]
[Site "Chess.com"]
[Date "2023.09.05"]
[Round "8"]
[White "Zheenbekov86"]
[Black "Zarinur"]
[Result "0-1"]
[WhiteElo "2381"]
[BlackElo "2511"]
[TimeControl "180+1"]
[EndTime "9:23:35 PDT"]
[Termination "Zarinur won by resignation"]

1. e4 e5 2. Nf3 Nc6 3. Bb5 a6 4. Ba4 d6 5. O-O Bd7 6. c3 g6 7. d4 Bg7 8. h3 Nge7 9. Re1 O-O 10. Be3 h6 11. Bb3 Kh7 12. g4 f5 13. exf5 gxf5 14.
gxf5 Bxf5 15. Bc2 e4 16. Nh4 d5 17. Nxf5 Nxf5 18. Nd2 Nce7 19. Nf1 Ng6 20. Ng3 Nfh4 21.
Rf1 Nf3+ 22. Kh1 Qd7 0-1

[Event "Early-Titled-Tuesday-Blitz-September-05-2023"]
[Site "Chess.com"]
[Date "2023.09.05"]
[Round "8"]
[White "WiktoriaPOL"]
[Black "Gogolev_Artemy"]
[Result "1-0"]
[WhiteElo "2295"]
[BlackElo "2401"]
[TimeControl "180+1"]
[EndTime "9:23:49 PDT"]
[Termination "WiktoriaPOL won by resignation"]

1. c4 Nf6 2. Nc3 c5 3. Nf3 Nc6 4. g3 d5 5. cxd5 Nxd5 6. Bg2 g6 7. d4 Bg7 8. Nxd5 Qxd5 9. dxc5 Qxc5 10. O-O O-O 11. Be3 Qh5 12. Rb1 Bf5 13. Rc1 Bxb2 14. Rc5 Qg4 15. Qb3 Bf6 16. Qxb7 Nd4 17. Nxd4 Bxd4 18.
h3 Qe4 1-0

[Event "Early-Titled-Tuesday-Blitz-September-05-2023"]
[Site "Chess.com"]
[Date "2023.09.05"]
[Round "8"]
[White "thedjoker98"]
[Black "PeshkaCh"]
[Result "1/2-1/2"]
[WhiteElo "2625"]
[BlackElo "2789"]
[TimeControl "180+1"]
[EndTime "9:23:56 PDT"]
[Termination "Game drawn - insufficient material"]

1. d4 Nf6 2. c4 e6 3. Nc3 d5 4. cxd5 exd5 5. Bg5 Be7 6. e3 O-O 7. Bd3 c6 8. Qc2 h6 9. Bh4 Nh5 10. Bxe7 Qxe7 11. Nge2 a5 12. O-O Re8 13. a3 Bg4 14.
Rab1 Bxe2 15. Bxe2 Nf6 16. b4 axb4 17. axb4 Nbd7 18. b5 Ra3 19. bxc6 bxc6 20. Rb3 Rxb3 21. Qxb3 Rb8 22. Qc2 c5 23. dxc5 Qxc5 24. Rc1 Rc8 25. Qb2 Rb8 26. Qd2 Ne5 27. h3 Rc8 28. Na2 Qf8 29. Rxc8 Qxc8 30. Nc3 Qc5 31. Qd4 Qxd4 32.
exd4 Nc6 33. Bf3 Nb4 34. Kf1 Kf8 35. Ke2 Ke7 36. Ke3 Ke6 37. g4 g5 38. Bd1 Ng8 39. f4 gxf4+ 40. Kxf4 Ne7 41. Bb3 Nbc6 42. Ke3 f5 43.
Ne2 fxg4 44. hxg4 Kf6 45. Nf4 Kg5 46. Nxd5 Nxd5+ 47. Bxd5 Nxd4 48. Kxd4 Kxg4 49. Bf7 Kg3 50. Ke5 h5 51. Bxh5 1/2-1/2

[Event "Early-Titled-Tuesday-Blitz-September-05-2023"]
[Site "Chess.com"]
[Date "2023.09.05"]
[Round "8"]
[White "Fleetw00dMac"]
[Black "KVAIDAN"]
[Result "1-0"]
[WhiteElo "2464"]
[BlackElo "2237"]
[TimeControl "180+1"]
[EndTime "9:23:58 PDT"]
[Termination "Fleetw00dMac won by resignation"]

1. d4 e6 2. c4 f5 3. Nc3 Nf6 4. a3 Be7 5. Bf4 O-O 6. e3 d6 7. h3 Nbd7 8. Nf3 c6 9. Ng5 Nb6 10. c5 dxc5 11. dxc5 Bxc5 12. b4 Be7 13. Nf3 Nfd5 14.
Be5 Bf6 15. Qb3 Nd7 16. Bxf6 Qxf6 17. Rc1 a5 18. b5 Nc5 19. Qc2 a4 20. Nxd5 cxd5 21.
Qxc5 Bd7 22. Qd4 Qe7 23. Qb4 Qf6 24. Be2 e5 25. Rc7 Be6 26. O-O g5 27. Qd6 e4 28.
Nd4 Rae8 29. Bh5 f4 30. Bxe8 f3 31. Qxe6+ Qxe6 32. Nxe6 Rxe8 33. Nxg5 1-0

[Event "Early-Titled-Tuesday-Blitz-September-05-2023"]
[Site "Chess.com"]
[Date "2023.09.05"]
[Round "8"]
[White "PetrolulSah"]
[Black "suyu28"]
[Result "0-1"]
[WhiteElo "2160"]
[BlackElo "2715"]
[TimeControl "180+1"]
[EndTime "9:24:00 PDT"]
[Termination "suyu28 won by resignation"]

1. d4 Nf6 2. c4 g6 3. Nc3 d5 4.
Nf3 Bg7 5. e3 O-O 6. Qb3 e6 7.
Be2 Nc6 8. cxd5 exd5 9. Bd2 Ne7 10. Ne5 c6 11. O-O Nf5 12. f4 Nd6 13. Bd3 Re8 14. Rae1 Qe7 15. h3 Bf5 16. Qc2 Bxd3 17. Qxd3 Nfe4 18. Kh2 f6 19. Nf3 Qd7 20. g4 h6 21. Re2 g5 22. f5 Nxc3 23. Bxc3 Ne4 24. Be1 Bf8 25. Rg1 Bd6+ 26. Kh1 h5 27. Nd2 hxg4 28.
hxg4 Qh7+ 29. Kg2 Qh2+ 30. Kf1 Qh3+ 31. Reg2 Nxd2+ 32. Bxd2 Re4 33. Qe2 Rae8 34. Qf2 Rxg4 35. a3 Ree4 36. b4 Rxg2 37. Rxg2 Rg4 38. Kg1 Bg3 39.
Qe2 Bh2+ 40. Kf1 Rg3 41. Qf2 Rf3 0-1

[Event "Early-Titled-Tuesday-Blitz-September-05-2023"]
[Site "Chess.com"]
[Date "2023.09.05"]
[Round "8"]
[White "fastestmindalive"]
[Black "vladgoncharov"]
[Result "1-0"]
[WhiteElo "2715"]
[BlackElo "2557"]
[TimeControl "180+1"]
[EndTime "9:24:05 PDT"]
[Termination "fastestmindalive won by resignation"]

1. e4 e6 2. d4 d5 3. Nc3 Bb4 4. a3 Bxc3+ 5. bxc3 dxe4 6. Qg4 Nf6 7. Qxg7 Rg8 8. Qh6 Rg6 9. Qh4 c5 10. Ne2 Nbd7 11. Ng3 Qa5 12. Bd2 Qa4 13. Be2 Qxc2 14. Rd1 b6 15. O-O Bb7 16. dxc5 O-O-O 17. cxb6 axb6 18.
Bb5 Ne5 19. Bf4 Rxd1 20. Bxe5 e3 21. Qc4+ 1-0

[Event "Early-Titled-Tuesday-Blitz-September-05-2023"]
[Site "Chess.com"]
[Date "2023.09.05"]
[Round "8"]
[White "KorolDimitriy75"]
[Black "rdarruda"]
[Result "0-1"]
[WhiteElo "2312"]
[BlackElo "2559"]
[TimeControl "180+1"]
[EndTime "9:24:06 PDT"]
[Termination "rdarruda won on time"]

1. d4 Nf6 2. c4 e5 3. dxe5 Ne4 4. Nd2 Nc5 5. Ngf3 Nc6 6. e3 d6 7. exd6 Bxd6 8. Be2 Qf6 9. O-O Bf5 10. Nb3 O-O-O 11. Nbd4 Be4 12. Bd2 Bxf3 13. Bxf3 Nxd4 14. exd4 Qxd4 15.
Bc3 Qxc4 16. Qc2 Qf4 17. Rfd1 Qxh2+ 18. Kf1 Qh1+ 19. Ke2 Rhe8+ 20. Be4 Qh5+ 21. f3 Nxe4 0-1

[Event "Early-Titled-Tuesday-Blitz-September-05-2023"]
[Site "Chess.com"]
[Date "2023.09.05"]
[Round "8"]
[White "Zkid"]
[Black "Druid24"]
[Result "1-0"]
[WhiteElo "2873"]
[BlackElo "2669"]
[TimeControl "180+1"]
[EndTime "9:24:13 PDT"]
[Termination "Zkid won by resignation"]

1. e4 e5 2. Nf3 Qe7 3. Nc3 c6 4. d4 d6 5. Bc4 Bg4 6. dxe5 dxe5 7. h3 Bxf3 8. Qxf3 Nf6 9. g4 g6 10. Be3 Bg7 11. g5 Nh5 12. Bc5 Qc7 13. Bd6 Qd7 14.
O-O-O Na6 15. Bb8 Qe7 16. Bxf7+ Qxf7 17. Rd8+ Kxd8 18. Qxf7 Nxb8 19. Qxb7 1-0

[Event "Early-Titled-Tuesday-Blitz-September-05-2023"]
[Site "Chess.com"]
[Date "2023.09.05"]
[Round "8"]
[White "PavelChernomordik"]
[Black "Qvalda"]
[Result "0-1"]
[WhiteElo "2485"]
[BlackElo "2389"]
[TimeControl "180+1"]
[EndTime "9:24:19 PDT"]
[Termination "Qvalda won on time"]

1. e4 e6 2. Nc3 d5 3. d4 Be7 4. Nf3 Nf6 5. e5 Nfd7 6. Ne2 c5 7. c3 Qa5 8. Bd2 cxd4 9. cxd4 Qb6 10. Qc1 Nc6 11. Bc3 O-O 12. Nf4 f6 13. Nxe6 Ndxe5 14. Nxf8 Nxf3+ 15. gxf3 Bxf8 16. Qd2 Bf5 0-1

[Event "Early-Titled-Tuesday-Blitz-September-05-2023"]
[Site "Chess.com"]
[Date "2023.09.05"]
[Round "8"]
[White "Mr_Lion22"]
[Black "brm72"]
[Result "1-0"]
[WhiteElo "2440"]
[BlackElo "2532"]
[TimeControl "180+1"]
[EndTime "9:24:21 PDT"]
[Termination "Mr_Lion22 won by resignation"]

1. d4 d5 2. c4 e6 3. Nc3 c6 4. e4 dxe4 5. Nxe4 Bb4+ 6. Bd2 Qxd4 7. Bxb4 Qxe4+ 8. Be2 Na6 9. Ba5 b6 10. Qd6 Ne7 11. O-O-O f6 12. Qd8+ Kf7 13. Qxh8 bxa5 14. Rd8 Qf4+ 15. Kd1 e5 16. Qe8+ Ke6 17. Nh3 Nb4 18.
Nxf4+ exf4 19. Bg4+ f5 20. Re1+ Kf6 1-0

[Event "Early-Titled-Tuesday-Blitz-September-05-2023"]
[Site "Chess.com"]
[Date "2023.09.05"]
[Round "8"]
[White "AttilaTurzo"]
[Black "ChEsper99"]
[Result "1-0"]
[WhiteElo "2508"]
[BlackElo "2169"]
[TimeControl "180+1"]
[EndTime "9:24:27 PDT"]
[Termination "AttilaTurzo won by resignation"]

1. d4 d5 2. Nf3 c6 3. Bf4 Nf6 4.
e3 Bf5 5. c4 e6 6. Nc3 Bd6 7.
Qb3 b6 8. Bxd6 Qxd6 9. Be2 O-O 10. O-O Nbd7 11. Rfd1 Ne4 12. Rac1 h6 13. cxd5 cxd5 14. Nb5 Qe7 15. Nc7 Rac8 16. Ba6 Rb8 17. Nb5 Nd6 18. Rc7 Nxb5 19. Bxb5 Rfd8 20. Ne5 1-0

[Event "Early-Titled-Tuesday-Blitz-September-05-2023"]
[Site "Chess.com"]
[Date "2023.09.05"]
[Round "8"]
[White "GaalZsoka"]
[Black "Stouuf"]
[Result "1-0"]
[WhiteElo "2464"]
[BlackElo "2596"]
[TimeControl "180+1"]
[EndTime "9:24:28 PDT"]
[Termination "GaalZsoka won by resignation"]

1. Nf3 Nf6 2. g3 g6 3. b3 Bg7 4.
Bb2 O-O 5. Bg2 d6 6. d4 c6 7. O-O Nbd7 8. Nbd2 Qc7 9. e4 e5 10. dxe5 Nxe5 11. Nxe5 dxe5 12. Nc4 Rd8 13. Qe2 b5 14. Bxe5 Qe7 15. Na5 Bb7 16. Nxb7 Qxb7 17. Bb2 Re8 18. e5 Re6 19. Qf3 Nd5 20. Rfe1 Rae8 21. Bh3 R6e7 22. e6 f5 23. Bxg7 Kxg7 24. c4 bxc4 25. bxc4 Nf6 26. Rab1 Qc7 27. Bg2 Rxe6 28. Rxe6 Rxe6 29. Qc3 h5 30. h4 Kh6 31. Qd2+ Kh7 32. Qb2 Re7 33. Qxf6 Qb7 34. Rxb7 1-0

[Event "Early-Titled-Tuesday-Blitz-September-05-2023"]
[Site "Chess.com"]
[Date "2023.09.05"]
[Round "8"]
[White "Herman-NY"]
[Black "NovozhilovSemen"]
[Result "1-0"]
[WhiteElo "2506"]
[BlackElo "2564"]
[TimeControl "180+1"]
[EndTime "9:24:30 PDT"]
[Termination "Herman-NY won by resignation"]

1. e4 e6 2. d4 d5 3. e5 c5 4. c3 Nc6 5. Nf3 Nge7 6. Bd3 cxd4 7. O-O Nf5 8. Re1 Be7 9. g4 Nh4 10. Nxd4 O-O 11. f4 Qb6 12. Kh1 Nxd4 13. cxd4 f5 14.
gxf5 Nxf5 15. Bxf5 Rxf5 16. Nc3 Bd7 17. Rg1 Raf8 18. Rg2 Kh8 19. Be3 a5 20. a3 Qd8 21.
Qg4 R8f7 22. Rag1 b5 23. Ne2 b4 24. Ng3 bxa3 25. Nxf5 exf5 26. Qh5 a2 27. Qxf7 1-0

[Event "Early-Titled-Tuesday-Blitz-September-05-2023"]
[Site "Chess.com"]
[Date "2023.09.05"]
[Round "8"]
[White "whitemirrorninja"]
[Black "Jmf24"]
[Result "1-0"]
[WhiteElo "2506"]
[BlackElo "2381"]
[TimeControl "180+1"]
[EndTime "9:24:31 PDT"]
[Termination "whitemirrorninja won by resignation"]

1. d4 Nf6 2. Nc3 d5 3. Bf4 g6 4. e3 Bg7 5. h4 h5 6. Be2 O-O 7. Nf3 Bg4 8. Ne5 Bxe2 9. Qxe2 Nbd7 10. O-O-O c6 11. f3 b5 12. g4 b4 13. Nxc6 Qb6 14. Nxe7+ Kh7 15. Ncxd5 Nxd5 16. Nxd5 Qa5 17. Qc4 Rfc8 18. Qb3 Nb6 19. Nxb4 Nc4 20. a3 Qb5 21.
Kb1 a5 22. Nd3 Qc6 23. gxh5 Ra6 24. hxg6+ fxg6 25. Nc5 Nxb2 26. Nxa6 Na4 27. Nc5 Nxc5 28. dxc5 Qxc5 29. h5 g5 30. h6 Bc3 31. Qb7+ Kh8 32. Bd6 Qc4 33. Qd5 1-0

[Event "Early-Titled-Tuesday-Blitz-September-05-2023"]
[Site "Chess.com"]
[Date "2023.09.05"]
[Round "8"]
[White "Firouzja2003"]
[Black "AlexPapasimakopoulos"]
[Result "1-0"]
[WhiteElo "3113"]
[BlackElo "2742"]
[TimeControl "180+1"]
[EndTime "9:24:32 PDT"]
[Termination "Firouzja2003 won by checkmate"]

1. d4 d5 2. Nc3 e6 3. e4 Bb4 4. e5 c5 5. a3 Bxc3+ 6. bxc3 Nc6 7. Nf3 Bd7 8. h4 Nge7 9. h5 h6 10. Bd3 Qa5 11. Bd2 c4 12. Be2 O-O-O 13. O-O f6 14. Re1 fxe5 15. dxe5 g5 16. hxg6 Nxg6 17. Nd4 Ngxe5 18. Bf1 Rhg8 19. Bf4 Nxd4 20. Rxe5 Qxc3 21. Re3 Ne2+ 22. Bxe2 Qf6 23. Be5 Qg5 24. g3 d4 25.
Qxd4 Bc6 26. Qxa7 Rd2 27. Rd1 Rxd1+ 28. Bxd1 Rd8 29. Qb8+ Kd7 30. Qd6+ Ke8 31. Qxe6+ Kf8 32. Bf3 Bxf3 33. Rxf3+ Qf5 34. Rxf5# 1-0

[Event "Early-Titled-Tuesday-Blitz-September-05-2023"]
[Site "Chess.com"]
[Date "2023.09.05"]
[Round "8"]
[White "Casper"]
[Black "Aygehovit1992"]
[Result "1-0"]
[WhiteElo "2455"]
[BlackElo "2692"]
[TimeControl "180+1"]
[EndTime "9:24:42 PDT"]
[Termination "Casper won by resignation"]

1. e4 c5 2. d4 cxd4 3. Qxd4 Nc6 4. Qe3 Nf6 5. Nc3 e6 6. Bd2 d5 7. exd5 Nxd5 8. Nxd5 Qxd5 9. Qb3 Qxb3 10. axb3 e5 11. Bb5 Bf5 12. c3 Bc5 13. Nf3 O-O 14. O-O Rfd8 15.
b4 Bb6 16. Be3 Bxe3 17. fxe3 Bd3 18. Bxd3 Rxd3 19. b5 Nd8 20. Nxe5 Rxe3 21. Nd7 Re6 22. c4 f6 23. c5 Kf7 24. Nb6 Rb8 25. Rxa7 Kg6 26. Nd7 Rc8 27. Nf8+ Kg5 28. Nxe6+ Nxe6 29. b4 h5 30. Rxb7 g6 31. b6 h4 32. Re7 1-0

[Event "Early-Titled-Tuesday-Blitz-September-05-2023"]
[Site "Chess.com"]
[Date "2023.09.05"]
[Round "8"]
[White "Bilan_Danila"]
[Black "Vanina1989"]
[Result "0-1"]
[WhiteElo "2547"]
[BlackElo "2716"]
[TimeControl "180+1"]
[EndTime "9:24:46 PDT"]
[Termination "Vanina1989 won on time"]

1. d4 d5 2. Nf3 Nf6 3. c4 c6 4.
Nc3 dxc4 5. a4 Bf5 6. e3 e6 7.
Bxc4 Bb4 8. O-O O-O 9. Qe2 Bg6 10. Ne5 Nbd7 11. Nxg6 hxg6 12. Rd1 Qc7 13. e4 e5 14. d5 Rad8 15. Bg5 Bxc3 16. bxc3 Nb6 17. a5 Nxc4 18. Qxc4 Rd6 19. Be3 Rc8 20. Bxa7 Qd7 21. Qa4 cxd5 22. exd5 Qxa4 23. Rxa4 Rxc3 24. f3 Rxd5 25.
Rxd5 Nxd5 26. Bb8 f6 27. a6 bxa6 28. Rxa6 Rc2 29. Ra8 Kh7 30. g3 Ne3 31. Ra3 Rg2+ 32. Kh1 Re2 33. Ra1 Nc2 0-1

[Event "Early-Titled-Tuesday-Blitz-September-05-2023"]
[Site "Chess.com"]
[Date "2023.09.05"]
[Round "8"]
[White "platy3"]
[Black "farzadbfd"]
[Result "1-0"]
[WhiteElo "2916"]
[BlackElo "2707"]
[TimeControl "180+1"]
[EndTime "9:24:47 PDT"]
[Termination "platy3 won by resignation"]

1. e4 e5 2. Nf3 Nc6 3. Bb5 a6 4.
Ba4 Nf6 5. Nc3 b5 6. Bb3 Bc5 7.
d3 d6 8. Nd5 h6 9. c3 Bb7 10.
O-O O-O 11. Be3 Bxe3 12. fxe3 Nxd5 13. Bxd5 Rb8 14. Qe1 Ne7 15. Bb3 Ng6 16. Qg3 Kh7 17. h4 Bc8 18. h5 Nh8 19. d4 f6 20. Nh4 Qe8 21. Qf3 Nf7 22. Ng6 Ng5 23. Nxf8+ Qxf8 24. Qe2 Bb7 25. Bc2 Re8 26. d5 c6 27. a4 Qf7 28.
axb5 cxb5 29. b3 Rc8 30. c4 bxc4 31. bxc4 Rc5 32. Bd3 Qc7 33. Rfb1 a5 34. Qb2 Ba6 35. Qb6 Bxc4 36. Qxc7 Rxc7 37. Rc1 Bxd3 38. Rxc7 Nxe4 39. Rxa5 Be2 40. Raa7 Bxh5 41. Rxg7+ Kh8 42. Rgc7 1-0

[Event "Early-Titled-Tuesday-Blitz-September-05-2023"]
[Site "Chess.com"]
[Date "2023.09.05"]
[Round "8"]
[White "Legendinunknown"]
[Black "Goryachkina"]
[Result "1/2-1/2"]
[WhiteElo "2819"]
[BlackElo "2667"]
[TimeControl "180+1"]
[EndTime "9:24:47 PDT"]
[Termination "Game drawn by repetition"]

1. e4 c6 2. Nf3 d5 3. exd5 cxd5 4. Ne5 a6 5. d4 Nc6 6. c3 Nxe5 7. dxe5 Bf5 8. Nd2 e6 9. Nf3 Bc5 10. Bd3 Ne7 11. Bg5 Bxd3 12. Qxd3 h6 13. Be3 Bxe3 14.
Qxe3 O-O 15. O-O Rc8 16. Nd4 Nc6 17. f4 Nxd4 18. cxd4 Rc2 19. Rf2 Qc7 20. Raf1 Rc8 21. f5 Rxf2 22. Qxf2 Qc2 23. fxe6 Qxf2+ 24. Kxf2 fxe6 25.
Ke3 Rc2 26. Rf2 Rxf2 27. Kxf2 Kf7 28. Ke3 Ke7 29. Kd3 Kd7 30. Kc3 Kc6 31. Kb4 b6 32. Kc3 Kd7 33. a4 a5 34. b4 Ke7 35. g4 g6 36. h4 g5 37. h5 Kd7 38. Kd3 Ke7 39. Kc2 Kd7 40. Kb3 Ke7 41. bxa5 bxa5 42. Kc3 Kd7 43. Kd3 Ke7 44. Ke3 Kd7 45.
Kd2 Ke7 46. Kc3 Kd7 47. Kb3 Kc6 48. Kc2 Kd7 49. Kb2 Kc6 50. Kb3 Kd7 51. Kc3 Kc6 52.
Kd3 Kd7 53. Kd2 Kc6 54. Kc3 Kd7 1/2-1/2

[Event "Early-Titled-Tuesday-Blitz-September-05-2023"]
[Site "Chess.com"]
[Date "2023.09.05"]
[Round "8"]
[White "Russian_berezka"]
[Black "ActorXu"]
[Result "1-0"]
[WhiteElo "2585"]
[BlackElo "2711"]
[TimeControl "180+1"]
[EndTime "9:24:48 PDT"]
[Termination "Russian_berezka won by resignation"]

1. d4 Nf6 2. c4 e6 3. Nc3 Bb4 4.
e3 O-O 5. Bd2 d5 6. Nf3 b6 7.
cxd5 exd5 8. Rc1 Re8 9. Bd3 Bf8 10. O-O Bb7 11. Ne5 c5 12. f4 Nc6 13. Ne2 Rc8 14.
Be1 Ne4 15. Bxe4 dxe4 16. Nxf7 Kxf7 17. Qb3+ c4 18. Qxc4+ Kg6 19. f5+ Kh6 20. Bg3 Bd6 21. f6 Ne5 22. Qb3 Rxc1 23. Nxc1 Ng4 24. Qf7 gxf6 25. Rf5 1-0

[Event "Early-Titled-Tuesday-Blitz-September-05-2023"]
[Site "Chess.com"]
[Date "2023.09.05"]
[Round "8"]
[White "Alexei_Gubajdullin"]
[Black "TatjanaVasilevich"]
[Result "0-1"]
[WhiteElo "2578"]
[BlackElo "2504"]
[TimeControl "180+1"]
[EndTime "9:24:52 PDT"]
[Termination "TatjanaVasilevich won by checkmate"]

1. d4 Nf6 2. Nf3 e6 3. Bf4 d5 4. e3 Bd6 5. Bg3 O-O 6. Nbd2 b6 7. c3 Bb7 8. Bd3 Ne4 9. Ne5 f6 10. Nef3 Nd7 11. Qc2 f5 12. Bxd6 cxd6 13. Ng1 Rc8 14. Ne2 a6 15. f3 Nxd2 16. Qxd2 e5 17. dxe5 dxe5 18. f4 exf4 19. exf4 Qf6 20. O-O Nc5 21. Nd4 Ne4 22. Qc2 Rc7 23. Rad1 Rfc8 24. Qb1 b5 25.
Bc2 b4 26. cxb4 Qb6 27. Bb3 Qxb4 28. Nxf5 Nd2 29. Qd3 Nxf1 30. Rxf1 Kh8 31. h3 Rc1 32. Rxc1 Rxc1+ 33. Kh2 Qxf4+ 34. Ng3 d4 35. Qe2 Qe3 36. Qg4 Qg1# 0-1

[Event "Early-Titled-Tuesday-Blitz-September-05-2023"]
[Site "Chess.com"]
[Date "2023.09.05"]
[Round "8"]
[White "aranibos"]
[Black "PawnEatingZombie"]
[Result "1-0"]
[WhiteElo "2264"]
[BlackElo "2044"]
[TimeControl "180+1"]
[EndTime "9:24:58 PDT"]
[Termination "aranibos won on time"]

1. Nf3 g6 2. d4 Bg7 3. c3 d6 4.
Bg5 h6 5. Bh4 c6 6. e3 Qb6 7.
Qb3 Be6 8. Qxb6 axb6 9. a3 c5 10. Nbd2 Nd7 11. Bb5 Bd5 12. e4 Bc6 13. Bd3 Ndf6 14. d5 Bd7 15. Bg3 Nh7 16. e5 dxe5 17.
Nxe5 Ngf6 18. Nxd7 Nxd7 19. Bb5 Nf6 20. O-O O-O 21.
c4 e6 22. dxe6 fxe6 23. Rab1 Rf7 24. Rfe1 Re8 25. Nf3 Nh5 26. Bc7 g5 27. Bxb6 1-0

[Event "Early-Titled-Tuesday-Blitz-September-05-2023"]
[Site "Chess.com"]
[Date "2023.09.05"]
[Round "8"]
[White "Herzog2012"]
[Black "AndreiITrifan"]
[Result "1-0"]
[WhiteElo "2479"]
[BlackElo "2616"]
[TimeControl "180+1"]
[EndTime "9:24:59 PDT"]
[Termination "Herzog2012 won by resignation"]

1. e4 e5 2. Nc3 Nf6 3. g3 Bc5 4. Bg2 a6 5. Nge2 Nc6 6. d3 O-O 7. O-O d6 8. h3 h6 9. Kh2 Be6 10. f4 exf4 11. Nxf4 Qd7 12. Nfd5 Bxd5 13. exd5 Ne7 14.
Rxf6 gxf6 15. Bxh6 Rfe8 16. Ne4 Qf5 17. Nxc5 dxc5 18.
Be4 Qd7 19. Qh5 f5 20. Qg5+ Ng6 21. Qf6 1-0

[Event "Early-Titled-Tuesday-Blitz-September-05-2023"]
[Site "Chess.com"]
[Date "2023.09.05"]
[Round "8"]
[White "smilingice"]
[Black "Chessbard1972"]
[Result "1-0"]
[WhiteElo "2427"]
[BlackElo "2518"]
[TimeControl "180+1"]
[EndTime "9:25:02 PDT"]
[Termination "smilingice won by checkmate"]

1. e4 c5 2. Nf3 a6 3. c4 e6 4. Nc3 Qc7 5. d4 cxd4 6. Nxd4 Nf6 7. Be3 b6 8. Rc1 Bb7 9. f3 Nc6 10. Nd5 exd5 11. cxd5 Bb4+ 12. Kf2 O-O 13. Be2 Bc5 14. dxc6 dxc6 15. Qd2 Rad8 16. Qc3 Qe5 17. Nf5 Bxe3+ 18.
Qxe3 Qxb2 19. Qg5 g6 20. Rb1 Qd2 21. Qxf6 gxf5 22. Rhd1 Qc2 23. Qg5+ Kh8 24. Rxd8 Rxd8 25. Qxd8+ Kg7 26. Qg5+ Kf8 27. Rd1 Qc5+ 28. Kg3 Qe5+ 29. f4 Qc3+ 30. Rd3 Qg7 31. Rd8# 1-0

[Event "Early-Titled-Tuesday-Blitz-September-05-2023"]
[Site "Chess.com"]
[Date "2023.09.05"]
[Round "8"]
[White "Daniel_Salinas"]
[Black "Logman74"]
[Result "1-0"]
[WhiteElo "2339"]
[BlackElo "2471"]
[TimeControl "180+1"]
[EndTime "9:25:03 PDT"]
[Termination "Daniel_Salinas won by resignation"]

1. d4 d5 2. c4 e6 3. Nf3 Nf6 4. g3 Be7 5. Bg2 O-O 6. O-O c5 7. cxd5 exd5 8. dxc5 Nc6 9. a3 Bg4 10. b4 a6 11. Bb2 Ne4 12. Nbd2 Bf5 13. Nd4 Bg6 14.
Nxc6 bxc6 15. Nb3 Qc8 16. Na5 Kh8 17. Qa4 Bf6 18. Bxf6 Nxf6 19. Qxc6 Ra7 20. Qxc8 Rxc8 21. Rfd1 Rd7 22. Bh3 Rdd8 23. Bxc8 Rxc8 24. Rd4 h5 25. Rad1 Bc2 26. R1d2 Ba4 27. Rxd5 Nxd5 28. Rxd5 Re8 29. e3 Re4 30. c6 1-0

[Event "Early-Titled-Tuesday-Blitz-September-05-2023"]
[Site "Chess.com"]
[Date "2023.09.05"]
[Round "8"]
[White "bescmelasti"]
[Black "wild3000"]
[Result "1-0"]
[WhiteElo "2611"]
[BlackElo "2322"]
[TimeControl "180+1"]
[EndTime "9:25:09 PDT"]
[Termination "bescmelasti won by resignation"]

1. e4 c5 2. Nf3 e6 3. d4 cxd4 4.
Nxd4 a6 5. Bd3 Nc6 6. Nxc6 bxc6 7. O-O d5 8. c4 Nf6 9. cxd5 cxd5 10. Nc3 d4 11. Qa4+ Qd7 12. Nb5 axb5 13. Qxa8 Bd6 14. Bxb5 Qxb5 15. Qxc8+ Ke7 16. Qxh8 Ng4 17. e5 Qxe5 18.
Qxh7 Nxh2 19. Bd2 Nxf1 20. Rxf1 d3 21. Qh3 Qd5 22. a4 Qb3 23. a5 f5 24. Bc3 Kd7 25.
Qxd3 1-0

[Event "Early-Titled-Tuesday-Blitz-September-05-2023"]
[Site "Chess.com"]
[Date "2023.09.05"]
[Round "8"]
[White "bascheyaro"]
[Black "Beca95"]
[Result "0-1"]
[WhiteElo "2808"]
[BlackElo "2981"]
[TimeControl "180+1"]
[EndTime "9:25:10 PDT"]
[Termination "Beca95 won by resignation"]

1. d4 Nf6 2. Nf3 e6 3. Bf4 c5 4. c3 Nc6 5. e3 Nh5 6. Bg5 Qb6 7. Qb3 h6 8. Bh4 g5 9. Bg3 Nxg3 10. hxg3 Bg7 11. Nbd2 d5 12. Qxb6 axb6 13. Bb5 Ke7 14. Ke2 Bd7 15. Bd3 f5 16. a3 c4 17. Bc2 b5 18. Nh2 g4 19. f3 h5 20. e4 Nxd4+ 21.
cxd4 Bxd4 22. Rab1 b4 23. axb4 Ra2 24. fxg4 hxg4 25. exf5 exf5 26. Kd1 Kd6 27. Kc1 b5 28. Ndf1 Be5 29. Kd2 d4 30. Ke2 d3+ 31. Bxd3 cxd3+ 32. Kxd3 Bc6 33. Ke3 Bxg2 34. Rg1 Bd5 35. Rd1 Rxb2 0-1

[Event "Early-Titled-Tuesday-Blitz-September-05-2023"]
[Site "Chess.com"]
[Date "2023.09.05"]
[Round "8"]
[White "LionTheLeon_06"]
[Black "Orest_Vovk"]
[Result "1-0"]
[WhiteElo "2811"]
[BlackElo "2620"]
[TimeControl "180+1"]
[EndTime "9:25:13 PDT"]
[Termination "LionTheLeon_06 won by resignation"]

1. e4 g6 2. Nf3 Nf6 3. e5 Nh5 4.
d4 d6 5. h3 dxe5 6. Nxe5 Nd7 7.
Nf3 c5 8. Be2 cxd4 9. Nxd4 Nhf6 10. O-O Bg7 11. Re1 O-O 12. c4 Nc5 13. Nc3 e5 14.
Ndb5 Qxd1 15. Rxd1 Nfe4 16. Nxe4 Nxe4 17. Be3 b6 18.
Bf3 f5 19. Bxe4 fxe4 20. Nd6 Bf5 21. Rd2 h5 22. b4 Rfd8 23. a4 Bf8 24. Rad1 Bxd6 25.
Rxd6 Rxd6 26. Rxd6 Rc8 27. c5 bxc5 28. Bxc5 Ra8 29. b5 e3 30. Bxe3 Bc2 31. a5 Rb8 32.
Bxa7 Rxb5 33. a6 Rb1+ 34. Kh2 Ra1 35. Be3 Kf7 36. f3 e4 37. a7 exf3 38. gxf3 h4 39. Rd8 Ra2 40. a8=Q 1-0

[Event "Early-Titled-Tuesday-Blitz-September-05-2023"]
[Site "Chess.com"]
[Date "2023.09.05"]
[Round "8"]
[White "whiteglovethief"]
[Black "gm_rashid"]
[Result "1-0"]
[WhiteElo "2516"]
[BlackElo "2394"]
[TimeControl "180+1"]
[EndTime "9:25:16 PDT"]
[Termination "whiteglovethief won by resignation"]

1. d4 Nf6 2. c4 c5 3. d5 b5 4. cxb5 a6 5. Nc3 axb5 6. e4 b4 7. Nb5 d6 8. Bf4 Ba6 9. e5 Qa5 10. a4 Nfd7 11. exd6 e5 12. Nc7+ Kd8 13. Nxa8 Bxf1 14.
Kxf1 Qxa8 15. Be3 Bxd6 16. Nf3 f6 17. g3 Nb6 18. a5 Nxd5 19. a6 Ke7 20. Kg1 Nxe3 21.
fxe3 Nc6 22. Qd5 Rd8 23. Kg2 Bc7 24. Qxc5+ Bd6 25. Qb5 Na7 26. Qb7+ Qxb7 27. axb7 Nc6 28. Ra8 Bb8 29. Rc1 Kd6 30. Ra6 e4 31. Raxc6+ 1-0

[Event "Early-Titled-Tuesday-Blitz-September-05-2023"]
[Site "Chess.com"]
[Date "2023.09.05"]
[Round "8"]
[White "enkhtuul"]
[Black "UB_TheQueen"]
[Result "1-0"]
[WhiteElo "2356"]
[BlackElo "2086"]
[TimeControl "180+1"]
[EndTime "9:25:16 PDT"]
[Termination "enkhtuul won by resignation"]

1. d4 Nf6 2. Nf3 g6 3. g3 Bg7 4.
Bg2 O-O 5. O-O d6 6. c4 c6 7. Nc3 Qa5 8. e4 Bg4 9. Rb1 Qh5 10. Qd3 Nbd7 11. b4 e5 12. d5 cxd5 13. cxd5 Rac8 14. Nb5 Ne8 15. Nxa7 Ra8 16. Nb5 Rxa2 17. Rb2 Ra1 18.
h4 Bh6 19. Bxh6 Rxf1+ 20. Bxf1 Qxh6 21. Nh2 Bh3 22. Bxh3 Qc1+ 23. Kg2 Qxb2 24. Bxd7 Qxb4 25. Ng4 f5 26. exf5 Qxg4 27. Be6+ Kg7 28. f6+ Nxf6 29. Bxg4 Nxg4 30. f3 Nh6 31. Nxd6 Rd8 32. Nxb7 Rd7 33. Nc5 Rd6 34. Ne4 Rd8 35. d6 Nf5 36. Qc3 Nd4 37.
Qc7+ 1-0